 Dungeon Crawl Stone Soup version 0.21.1-1-g345015fe64 (webtiles) character file.

103 Htamos the Ruffian (level 4, 0/29 HPs)
             Began as a Gargoyle Berserker on July 6, 2018.
             Was a Believer of Trog.
             Slain by a worm (7 damage)
             ... on level 3 of the Dungeon.
             The game lasted 00:03:25 (1412 turns).

Htamos the Ruffian (Gargoyle Berserker)             Turns: 1412, Time: 00:03:26

Health: 0/29       AC:  5    Str: 21    XL:     4   Next: 79%
Magic:  0/4        EV: 12    Int:  7    God:    Trog [**....]
Gold:   123        SH:  0    Dex: 10    Spells: 3/3 levels left

rFire    . . .     SeeInvis .     - Unarmed
rCold    . . .     Gourm    .   (no shield)
rNeg     + . .     Faith    .   a - +0 animal skin
rPois    ∞         Spirit   +   (no helmet)
rElec    +         Reflect  .   r - scarf {Spirit}
rCorr    .         Harm     .   (no gloves)
MR       .....                  (no boots)
Stlth    +.........             (no amulet)
HPRegen  0.09/turn              (no ring)
MPRegen  0.09/turn              (no ring)

@: no status effects
A: negative energy resistance 1, electricity resistance, unbreathing,
petrification resistance, rot immunity, AC +3
a: Berserk, Trog's Hand, Burn Spellbooks, Renounce Religion


You were on level 3 of the Dungeon.
You worshipped Trog.
Trog was pleased with you.
You were not hungry.

You visited 1 branch of the dungeon, and saw 3 of its levels.

You collected 123 gold pieces.

Inventory:

Armour
 a - a +0 animal skin (worn)
 r - a scarf of spirit shield (worn)
Jewellery
 h - an uncursed ring of flight {unknown}
 o - an uncursed ring of ice {unknown}
Wands
 s - a wand of iceblast (4)
Scrolls
 c - a scroll of fog {unknown}
 f - 2 scrolls of remove curse {unknown}
 g - 3 scrolls of enchant weapon {unknown}
 j - a scroll of amnesia {unknown}
 k - a scroll of teleportation {unknown}
 l - 4 scrolls of identify {unknown}
 n - a scroll of fear {unknown}
 p - a scroll of noise {unknown}
Potions
 d - a potion of lignification {unknown}
 e - 3 potions of curing {unknown}
 i - a potion of berserk rage {unknown}
 m - a potion of magic {unknown}
 q - a potion of agility {unknown}
 u - a potion of degeneration {unknown}
Comestibles
 b - 3 rations
 t - 2 chunks of flesh


   Skills:
 + Level 4.0 Fighting
 - Level 2.2 Armour
 - Level 1.6 Dodging
 + Level 4.8 Unarmed Combat


You had 3 spell levels left.
You didn't know any spells.

Dungeon Overview and Level Annotations

Branches:
Dungeon (3/15)

Altars:
Ru
Sif Muna
Vehumet


Innate Abilities, Weirdness & Mutations

You are resistant to torment.
Your stone body is resilient. (AC +3)
You are immune to poison.
You resist negative energy. (rN+)
You are resistant to electric shocks. (rElec)
You can survive without breathing.
You are immune to petrification.
You are immune to rotting.


Message History

You are too injured to fight recklessly!
You are too injured to fight recklessly!
You are too injured to fight recklessly!
You are too injured to fight recklessly!
You are too injured to fight recklessly!
You punch the worm!
The worm is moderately wounded.
The worm closely misses you.
You hit the worm.
The worm is heavily wounded.
You barely miss the worm.
The worm is heavily wounded.
The worm bites you!
* * * LOW HITPOINT WARNING * * *
You hit the worm but do no damage.
The worm is heavily wounded.
You punch the worm!
The worm is almost dead.
The worm bites you!
You die...

. ....♣...###.##....#.#
# ....♣_♣..............#
###....♣............#..
...... .............
#..# #.....#..# ###..###
##........#
.......####......>#
.......##...####.$###...
................@.......
..........#.....w.......
......#.............##..
.(....)..........#### #
..................
..................
......##...#......
####........###...#
.................


You could see a worm.

Vanquished Creatures
  A bullfrog skeleton (D:3)
  An adder (D:3)
  2 oozes
  3 worms
  5 dart slugs
  6 bats
  2 giant cockroaches (D:3)
  3 goblins
  5 hobgoblins
  4 jackals (D:1)
  3 kobolds
  A quokka (D:2)
  A frilled lizard (D:3)
  4 rats
41 creatures vanquished.

Notes
Turn   | Place    | Note
-------+----------+-------------------------------------------
     0 | D:1      | Htamos the Gargoyle Berserker began the quest for the Orb.
     0 | D:1      | Reached XP level 1. HP: 14/14 MP: 1/1
   282 | D:1      | Reached XP level 2. HP: 19/19 MP: 2/2
   658 | D:2      | Reached XP level 3. HP: 13/24 MP: 3/3
   666 | D:2      | Found a deep blue altar of Sif Muna.
   695 | D:2      | Found a radiant altar of Vehumet.
  1084 | D:2      | Reached ** piety under Trog
  1224 | D:3      | Reached XP level 4. HP: 24/29 MP: 4/4
  1234 | D:3      | Found a sacrificial altar of Ru.
  1306 | D:3      | Found a faded altar of an unknown god.
  1412 | D:3      | Slain by a worm

Skill      XL: |  1  2  3 |
---------------+----------+-----
Unarmed Combat | 4 |  4.8
Fighting       | 4 |  4.0
Armour         | |  2.2
Dodging        | |  1.6

Action                   |  1- 3 |  4- 6 || total
-------------------------+-------+-------++-------
Melee: Unarmed           |   126 |    36 ||   162
       Punch             |     1 |     2 ||     3
  Eat: Chunk             |     1 |     1 ||     2
Armor: Animal skin       |    59 |     2 ||    61
Dodge: Dodged            |    85 |    17 ||   102
